 Dungeon Crawl Stone Soup version 0.20.1-1-g8b1a95d (webtiles) character file.

37051 vatarom the Convoker (level 13, -20/111 HPs)
             Began as a Green Draconian Summoner on Sept 13, 2017.
             Was an Elder of Ashenzari.
             Demolished by a phantasmal warrior (33 damage)
             ... on level 13 of the Dungeon.
             The game lasted 01:22:48 (27541 turns).

vatarom the Convoker (Green Draconian Summoner)    Turns: 27541, Time: 01:22:49

Health: -20/111    AC:  8    Str: 11 (12) XL:     13   Next: 56%
Magic:  42/42      EV: 14    Int: 23 (26) God:    Ashenzari [****..]
Gold:   1284       SH:  0    Dex: 16 (17) Spells: 5/33 levels left

rFire    + + .     SeeInvis +   P - +9 staff of Wucad Mu {channel} (curse)
rCold    . . .     Gourm    .   Y - +0 shield
rNeg     . . .     Faith    .   (armour unavailable)
rPois    +         Spirit   .   d - +2 hat {Int+3} (curse)
rElec    .         Reflect  +   h - scarf {rC+ rF+} (curse)
rCorr    .         Harm     .   a - +1 pair of gloves (curse)
MR       .....     Clarity  +   (no boots)
Stlth    +.........             b - amulet "Pungoush" {Reflect Dex+4 SH+2}
Regen    0.3/turn               f - ring of magical power
MPRegen  0.3/turn               U - ring of Loim Qut {Fire MP+9 Int+3}

@: confused, vulnerable, corroded, very slightly contaminated
A: breathe noxious fumes, unfitting armour, stinger 1, deterioration 1, low mp
1, poison resistance, strong 1, cold-blooded, AC +8
a: Breathe Noxious Fumes, Curse Item, Scrying, Renounce Religion


You were on level 13 of the Dungeon.
You worshipped Ashenzari.
Ashenzari was greatly pleased with you.
You were hungry.

You visited 3 branches of the dungeon, and saw 20 of its levels.
You also visited: Labyrinth and Ice Cave.

You collected 1284 gold pieces.

Inventory:

Hand Weapons
 D - a +1 spear
 P - the cursed +9 staff of Wucad Mu (weapon) {channel}
   (You found it in a labyrinth)

   It has a curse placed upon it.
Missiles
 p - 3 throwing nets (quivered)
Armour
 a - a cursed +1 pair of gloves (worn)
 d - a cursed +2 hat of intelligence (worn)
 h - a cursed scarf of resistance (worn)
 l - a +0 buckler
 Y - a +0 shield (worn)
Jewellery
 b - the amulet "Pungoush" (around neck) {Reflect Dex+4 SH+2}
   (You found it on level 11 of the Dungeon)

   [amulet of reflection]

   It shields you and reflects attacks.
   It affects your dexterity (+4).
   It affects your SH (+2).
 f - a ring of magical power (left hand)
 r - a +3 ring of intelligence
 y - an uncursed amulet of faith
 G - an uncursed ring of protection from magic
 U - a ring of Loim Qut (right hand) {Fire MP+9 Int+3}
   (You found it on level 3 of the Lair of Beasts)

   [ring of fire]

   It enhances your fire magic.
   It affects your intelligence (+3).
   It protects you from fire.
   It makes you vulnerable to cold.
   It affects your magic capacity (+9).
 Z - a +5 ring of strength
Wands
 c - a wand of enslavement (10/24)
 e - a wand of polymorph (6/24)
 B - a wand of lightning (4/15)
 I - a wand of digging (7/24)
 J - a wand of lightning (3/15)
 K - a wand of disintegration (1/24)
 O - a wand of disintegration (11/24)
 Q - a wand of digging (12/24)
 T - a wand of polymorph (11/24)
Scrolls
 g - 3 scrolls of teleportation
 j - 7 scrolls of identify
 k - a scroll of silence
 o - 2 scrolls of fear
 t - 6 scrolls of enchant weapon
 z - 3 scrolls of recharging
 F - 4 scrolls of amnesia
 L - 2 scrolls of random uselessness
 N - 5 scrolls of enchant armour
 V - a scroll of holy word
Potions
 i - a potion of resistance
 n - 5 potions of lignification
 s - 3 potions of brilliance
 x - 2 potions of flight
 A - 10 potions of curing
 C - a potion of agility
 E - 3 potions of might
 H - 2 potions of haste
Miscellaneous
 M - a lamp of fire
 S - a crystal ball of energy
Comestibles
 q - 3 bread rations
 u - a royal jelly
 w - 31 fruits
 W - 6 meat rations


   Skills:
 + Level 9.0 Fighting
 - Level 4.5(6.7) Dodging
 - Level 1.7(3.4) Stealth
 - Level 4.2 Shields
 + Level 10.5 Spellcasting
 * Level 15.8 Summonings
 - Level 4.3 Ice Magic
 - Level 3.5 Air Magic
 + Level 5.9(9.4) Evocations


You had 5 spell levels left.
You knew the following spells:

 Your Spells              Type           Power        Failure   Level  Hunger
a - Summon Small Mammal   Summ           ####         1%          1    None
b - Call Imp              Summ           ######..     1%          2    None
c - Call Canine Familiar  Summ           ######..     1%          3    None
d - Summon Ice Beast      Ice/Summ       ######..     3%          4    #......
e - Summon Lightning Spi  Summ/Air       ######..     4%          4    #......
f - Ozocubu's Armour      Chrm/Ice       ###.....     26%         3    None
g - Recall                Summ/Tloc      N/A          2%          3    None
h - Swiftness             Chrm/Air       ###.....     16%         2    None
i - Mephitic Cloud        Conj/Pois/Air  ###.....     38%         3    None
j - Summon Guardian Gole  Hex/Summ       #####...     2%          3    None


Dungeon Overview and Level Annotations

Branches:
Dungeon (13/15)            Temple (1/1) D:6            Lair (6/6) D:9
 Shoals (0/4) Lair:3        Snake (0/4) Lair:4        Slime (0/5) Lair:5
    Orc (0/2) D:11
 Vaults: D:13-14

Altars:
Ashenzari
Cheibriados
Dithmenos
Elyvilon
Fedhas
Gozag
Hepliaklqana
Kikubaaqudgha
Makhleb
Nemelex Xobeh
Okawaru
Qazlal
Ru
Sif Muna
Trog
Uskayaw
Vehumet
Xom
Yredelemnul
Zin
The Shining One

Shops:
D:5 *   D:7 (   D:8 %   D:11 }::}


Innate Abilities, Weirdness & Mutations

You can breathe blasts of noxious fumes.
Your lurid green scales are hard. (AC +8)
You cannot fit into any form of body armour.
Your system is resistant to poisons. (rPois)
You are cold-blooded and may be slowed by cold attacks.
Your tail ends in a poisonous barb.
Your body sometimes deteriorates upon taking damage.
Your magical capacity is low. (-10% MP)
Your muscles are strong. (Str +2)


Message History

Unknown command.
Unknown command.
Okay, then.
You are confused.
You feel invigorated.
Your warg bites the phantasmal warrior!
The tengu reaver gibbers meaninglessly.
Your warg barely misses the phantasmal warrior.
The phantasmal warrior hits you.
* * * LOW HITPOINT WARNING * * *
Unknown command.
Your warg barely misses the phantasmal warrior.
The phantasmal warrior hits you but does no damage.
Unknown command.
The tengu reaver seems to regain its courage.
The tengu reaver casts a spell at you. The bolt of poison hits your ice beast.
The bolt of poison hits the phantasmal warrior.
The phantasmal warrior completely resists.
Your warg bites the phantasmal warrior!
The phantasmal warrior hits you!!
You die...

.., , +.. #...#...#.#
.# * **
...#.<.###.#.#...# ,
,, *,
*...#...#.........+,
* ,* *
*#...###)#.#...#** *
* * ,* ..♣. {+.#...
.. *, ,* , , , *
,,,,##.# ### * * *, ,
*, * *,, #..# * , , ,
* ** *,###..# , , , ,
, , , , +#@Wh.# , . *
* * , ###.######..# #
⌠ * , ,,
**#####.Y......##.# ,
,*.........Q###.8..$
, * , , *
..........##.§...$ ,,
,
,+..........'..Q...$*
, ,
*..........##..8..$*
, ** ..........#
.##.# ,, ####...####
.# ⌠


You could see a tengu reaver, a phantasmal warrior, a friendly warg and a
friendly ice beast.

Vanquished Creatures
  A death yak (D:9)
  A tengu warrior (D:13)
  A spiny frog (Lair:6)
  A gargoyle (D:13)
  A hornet (Lair:5)
  A slime creature (D:12)
  A blink frog (Lair:5)
  4 yaks
  A hungry ghost (D:11)
  A water moccasin (Lair:2)
  A porcupine (Lair:3)
  A boggart (Lair:5)
  A centaur (D:10)
  3 ogres
  2 bullfrogs
  A wight (D:6)
  A crimson imp (D:5)
  A bullfrog zombie (D:13)
  2 orc priests (D:6)
  2 centaur skeletons
  2 hounds
  A jelly (D:5)
  A bullfrog skeleton (D:5)
  A worker ant (D:4)
  A hound skeleton (D:6)
  2 worker ant zombies
  5 adders
  A river rat (D:9)
  A shadow imp (D:11)
  A white imp (IceCv)
  2 adder skeletons (D:4)
  A worm (D:3)
  3 dart slugs
  5 leopard geckos
  11 orcs
  5 giant cockroaches
  5 goblins
  4 hobgoblins
  5 quokkas
  2 ball pythons (D:3)
  8 bats
  3 frilled lizards
  A jackal zombie (D:5)
  4 kobolds
  A leopard gecko skeleton (D:9)
  A leopard gecko zombie (D:6)
  6 rats
111 creatures vanquished.

Vanquished Creatures (collateral kills)
  A minotaur (Lab)
  An ettin (D:12)
  A fire dragon (Lair:6)
  5 hydras
  The ghost of Chisa the Transmogrifier, a journeyman MfTm of Yredelemnul (D:10)
  Erica (D:8)
  7 two-headed ogres
  A centaur warrior (D:12)
  A lindwurm (Lair:6)
  A cyclops (D:11)
  An oklob plant (Lair:3)
  The ghost of Frank the Sneak, a novice OpFi (D:5)
  2 ugly things
  3 elephants (Lair:6)
  6 black mambas
  4 centaur skeletons
  2 molten gargoyles (Lair:6)
  2 torpor snails
  13 spiny frogs
  4 rime drakes
  17 komodo dragons
  4 ice devils (IceCv)
  5 trolls
  A tengu conjurer (D:13)
  A minotaur zombie (Lab)
  A polar bear (Lair:2)
  A snapping turtle (Lair:3)
  25 blink frogs
  6 slime creatures (D:12)
  4 hornets
  13 hippogriffs
  4 shadows
  7 wyverns
  12 spriggans (Lair:5)
  2 wraiths
  A vampire (D:12)
  5 basilisks
  46 yaks
  4 hungry ghosts
  2 steam dragons
  3 wargs (D:10)
  A soldier ant (D:12)
  13 porcupines
  4 hell hounds (Lair:6)
  14 water moccasins
  A black bear (D:7)
  4 orc warriors
  3 sky beasts
  A necrophage (D:9)
  5 ice beasts
  3 phantoms
  6 ogres
  11 wolves
  2 boggarts (Lair:5)
  7 centaurs
  12 crocodiles
  A big kobold (D:8)
  11 bullfrogs
  A gnoll sergeant (D:10)
  A wyvern zombie (D:8)
  2 scorpions (D:6)
  13 killer bees
  A water moccasin skeleton (D:9)
  5 wights
  A vampire bat (Lair:3)
  6 howler monkeys
  5 lava snakes (Lair:6)
  3 crimson imps
  A bullfrog zombie (D:13)
  A jelly (D:10)
  3 centaur zombies
  2 hounds (D:6)
  4 orc priests (D:6)
  A bullfrog skeleton (D:9)
  10 orc wizards
  4 iguanas
  A hell rat (D:9)
  A statue (D:9)
  9 worker ants
  A killer bee zombie (D:7)
  2 worker ant zombies
  11 adders
  8 gnolls
  A river rat (D:9)
  2 shadow imps
  9 white imps (IceCv)
  6 ufetubi (IceCv)
  An adder zombie (D:9)
  5 leopard geckos
  26 orcs
  2 ball pythons (D:3)
  5 bats
  2 goblins
  6 hobgoblins
  6 jackals
  4 kobolds
  2 quokkas
  A giant cockroach zombie (D:6)
  A leopard gecko skeleton (D:7)
  2 rats
  A fungus (Lair:4)
500 creatures vanquished.

Vanquished Creatures (others)
  A white imp (IceCv)
  2 ufetubi (IceCv)
  5 fungi
  A plant (Lair:1)
9 creatures vanquished.

Grand Total: 620 creatures vanquished

Notes
Turn   | Place    | Note
-------+----------+-------------------------------------------
     0 | D:1      | vatarom the Draconian Summoner began the quest for the Orb.
     0 | D:1      | Reached XP level 1. HP: 14/14 MP: 3/3
   758 | D:1      | Reached XP level 2. HP: 7/22 MP: 0/5
   990 | D:1      | Learned a level 2 spell: Call Imp
   999 | D:1      | Found a glowing golden altar of the Shining One.
  1131 | D:1      | Reached skill level 1 in Fighting
  1529 | D:2      | Reached XP level 3. HP: 21/28 MP: 3/6
  1569 | D:2      | Learned a level 3 spell: Call Canine Familiar
  2517 | D:3      | Reached skill level 1 in Shields
  2607 | D:3      | Found a blossoming altar of Fedhas.
  2742 | D:3      | Reached XP level 4. HP: 35/35 MP: 4/8
  3010 | D:3      | Found a sacrificial altar of Ru.
  3202 | D:3      | Reached skill level 5 in Summonings
  3329 | D:3      | Noticed a hand axe
  3330 | D:3      | Noticed a dagger
  3333 | D:3      | Found a hide-covered altar of Uskayaw.
  3584 | D:4      | Noticed an ogre
  3590 | D:4      | Killed an ogre
  3590 | D:4      | Reached XP level 5. HP: 41/41 MP: 7/9
  3596 | D:4      | Learned a level 4 spell: Summon Ice Beast
  4133 | D:4      | Found a deep blue altar of Sif Muna.
  4558 | D:4      | Noticed a centaur
  4575 | D:4      | Killed a centaur
  4575 | D:4      | Reached XP level 6. HP: 32/50 MP: 11/11
  4638 | D:5      | Entered Level 5 of the Dungeon
  4758 | D:5      | Noticed Frank's ghost (novice OpFi)
  4774 | D:5      | Killed Frank's ghost
  4774 | D:5      | Reached skill level 6 in Summonings
  4989 | D:5      | Noticed a sky beast
  5026 | D:5      | Killed a sky beast
  5026 | D:5      | Your scales start taking on a lurid green colour.
  5026 | D:5      | Reached XP level 7. HP: 53/57 MP: 13/13
  5026 | D:5      | Gained mutation: Your system is resistant to poisons. (rPois) [Green Draconian growth]
  5107 | D:5      | Found Peutwusch's Elemental Accessories.
  5429 | D:5      | Reached skill level 7 in Summonings
  5509 | D:5      | Learned a level 4 spell: Summon Lightning Spire
  5693 | D:6      | Reached skill level 1 in Air Magic
  6118 | D:6      | Found a staircase to the Ecumenical Temple.
  6121 | D:6      | Found a faded altar of an unknown god.
  6132 | Temple   | Entered the Ecumenical Temple
  6284 | D:6      | Reached XP level 8. HP: 66/66 MP: 15/15
  6299 | D:6      | Found a burning altar of Makhleb.
  6497 | D:6      | Reached skill level 8 in Summonings
  6678 | D:7      | Reached skill level 5 in Spellcasting
  6719 | D:7      | Found Biehox's Antique Weapon Shop.
  7031 | D:7      | Found a deep blue altar of Sif Muna.
  7231 | D:8      | Reached skill level 9 in Summonings
  7237 | D:8      | Noticed a hippogriff
  7244 | D:8      | Killed a hippogriff
  7309 | D:8      | Found a shattered altar of Ashenzari.
  7334 | D:8      | Became a worshipper of Ashenzari the Shackled
  7345 | D:8      | Learned a level 3 spell: Ozocubu's Armour
  7347 | D:8      | Found Umoah's Food Emporium.
  7461 | D:8      | Reached skill level 1 in Ice Magic
  7461 | D:8      | Reached XP level 9. HP: 63/71 MP: 17/17
  7513 | D:8      | Noticed a two-headed ogre
  7525 | D:8      | Killed a two-headed ogre
  7727 | D:8      | Reached skill level 10 in Summonings
  7728 | D:8      | Noticed Erica
  7740 | D:8      | Killed Erica
  8070 | D:9      | Noticed a troll
  8076 | D:9      | Killed a troll
  8218 | D:9      | Noticed a two-headed ogre
  8231 | D:9      | Killed a two-headed ogre
  8300 | D:9      | Noticed a death yak
  8304 | D:9      | Noticed a death yak
  8305 | D:9      | Noticed a two-headed ogre
  8310 | D:9      | Noticed a death yak
  8545 | D:9      | Noticed a troll
  8555 | D:9      | Killed a troll
  8720 | D:9      | Killed a two-headed ogre
  8720 | D:9      | Reached skill level 11 in Summonings
  8720 | D:9      | Reached XP level 10. HP: 44/79 MP: 17/20
  8907 | D:9      | Found a staircase to the Lair.
  9405 | D:9      | Found a radiant altar of Vehumet.
  9761 | D:9      | Killed a death yak
 10137 | D:10     | Entered Level 10 of the Dungeon
 10137 | D:10     | Noticed Chisa's ghost (journeyman MfTm)
 10218 | D:10     | Noticed a two-headed ogre
 10251 | D:10     | Killed a two-headed ogre
 10260 | D:9      | Learned a level 3 spell: Recall
 10988 | D:10     | Killed Chisa's ghost
 11170 | D:10     | Gained mutation: Your tail ends in a poisonous barb. [potion of mutation]
 11170 | D:10     | Gained mutation: Your body sometimes deteriorates upon taking damage. [potion of mutation]
 11170 | D:10     | Gained mutation: Your magical capacity is low. (-10% MP) [potion of mutation]
 11170 | D:10     | Gained mutation: Your muscles are strong. (Str +2) [potion of mutation]
 11230 | D:10     | Reached * piety under Ashenzari
 11473 | D:10     | Noticed a two-headed ogre
 11514 | D:10     | Killed a two-headed ogre
 11514 | D:10     | Reached skill level 12 in Summonings
 12285 | D:11     | Found Nypnutt's Gadget Emporium.
 12307 | D:11     | Noticed a cyclops
 12325 | D:11     | Killed a cyclops
 12780 | D:11     | Found a staircase to the Orcish Mines.
 12827 | D:10     | Reached XP level 11. HP: 61/85 MP: 5/20
 12991 | D:11     | Learned a level 2 spell: Swiftness
 13006 | D:11     | Learned a level 3 spell: Mephitic Cloud
 13020 | D:11     | Found Opleg's Book Boutique.
 13031 | D:11     | Noticed a five-headed hydra
 13046 | D:11     | Killed a five-headed hydra
 13076 | D:11     | Found Ufaest's Gadget Shop.
 13267 | D:11     | Identified the amulet "Pungoush" {Reflect Dex+4 SH+2}
 13307 | D:11     | Noticed a red ugly thing
 13328 | D:11     | Killed a red ugly thing
 13472 | D:11     | Found an opulent altar of Gozag.
 13569 | D:11     | Found Efoubb's Book Shoppe.
 13629 | D:11     | Reached skill level 5 in Fighting
 14131 | D:12     | Noticed a centaur warrior
 14135 | D:12     | Noticed a red ugly thing
 14135 | D:12     | Noticed an ettin
 14326 | Lair:1   | Entered Level 1 of the Lair of Beasts
 14592 | Lair:1   | Found a frozen archway.
 14613 | IceCv    | Entered an ice cave
 16130 | IceCv    | Reached skill level 13 in Summonings
 19048 | Lair:2   | Found a labyrinth entrance.
 19057 | Lab      | Entered a labyrinth
 19185 | Lab      | Noticed a minotaur
 19203 | Lab      | Killed a minotaur
 19346 | Lair:2   | Reached XP level 12. HP: 96/96 MP: 18/22
 19508 | Lair:2   | Reached ** piety under Ashenzari
 19604 | Lair:2   | Learned a level 3 spell: Summon Guardian Golem
 19633 | Lair:2   | Reached skill level 1 in Evocations
 20117 | Lair:3   | Identified a ring of Loim Qut {Fire MP+9 Int+3}
 21000 | Lair:3   | Found a staircase to the Shoals.
 21028 | Lair:3   | Reached skill level 14 in Summonings
 21277 | Lair:4   | Identified a scroll of acquirement
 21277 | Lair:4   | Identified the Reference Book on Necromancy (You acquired it on level 4 of the Lair of Beasts)
 21392 | Lair:4   | Found a staircase to the Snake Pit.
 21862 | Lair:4   | Noticed a five-headed hydra
 21866 | Lair:4   | Killed a five-headed hydra
 21977 | Lair:5   | Reached *** piety under Ashenzari
 22383 | Lair:5   | Noticed a seven-headed hydra
 22815 | Lair:5   | Found a staircase to the Slime Pits.
 22860 | Lair:5   | Noticed a four-headed hydra
 22867 | Lair:5   | Killed a four-headed hydra
 23439 | Lair:6   | Entered Level 6 of the Lair of Beasts
 23615 | Lair:6   | Reached skill level 10 in Spellcasting
 23682 | Lair:6   | Noticed a four-headed hydra
 23691 | Lair:6   | Killed a four-headed hydra
 23716 | Lair:6   | Reached XP level 13. HP: 107/107 MP: 24/24
 23886 | Lair:6   | Reached skill level 15 in Summonings
 23920 | Lair:6   | Reached **** piety under Ashenzari
 24504 | Lair:6   | Reached skill level 5 in Evocations
 25011 | Lair:6   | Found a large runed door.
 25016 | Lair:6   | Found a large runed door.
 25236 | Lair:6   | Noticed a fire dragon
 25341 | Lair:6   | Killed a fire dragon
 25971 | D:12     | Killed an ettin
 27528 | D:13     | Noticed a tengu reaver
 27535 | D:13     | HP: 4/111 [acid (17)]
 27541 | D:13     | Demolished by a phantasmal warrior

Skill      XL: |  1  2  3  4  5  6  7  8  9 10 11 12 13 |
---------------+----------------------------------------+-----
Fighting       | 1 2 3 4 6 8 9 |  9.0
Shields        | 1 4 |  4.2
Spellcasting   | 3 4 5 6 8 9 10 | 10.5
Summonings     | 5 6 7 9 11 12 13 14 15 | 15.8
Air Magic      | 2 3 |  3.5
Ice Magic      | 1 4 |  4.3
Dodging        | 4 |  4.5
Evocations     | 4 5 |  5.9
Stealth        | |  1.7

Action                   |  1- 3 |  4- 6 |  7- 9 | 10-12 | 13-15 || total
-------------------------+-------+-------+-------+-------+-------++-------
Melee: Club              |   106 |       |       |       |       ||   106
       Tailslap          |    16 |     3 |     7 |    29 |    11 ||    66
       Unarmed           |     2 |       |       |       |       ||     2
       Spear             |    27 |   105 |    73 |   182 |       ||   387
       Halberd           |       |       |    70 |    63 |       ||   133
       Staff             |       |       |       |    40 |    49 ||    89
 Fire: Hunting sling     |       |    11 |       |       |       ||    11
Throw: Throwing net      |       |     2 |       |       |       ||     2
 Cast: Summon Small Mamm |    10 |       |       |       |       ||    10
       Call Imp          |     9 |    11 |     6 |    15 |       ||    41
       Call Canine Famil |    10 |    14 |    14 |   101 |    36 ||   175
       Summon Lightning  |       |       |    41 |   132 |    53 ||   226
       Summon Ice Beast  |       |       |    10 |   187 |    71 ||   268
       Ozocubu's Armour  |       |       |     2 |     6 |     2 ||    10
       Recall            |       |       |       |     4 |       ||     4
       Swiftness         |       |       |       |     1 |       ||     1
       Mephitic Cloud    |       |       |       |     4 |     1 ||     5
       Summon Guardian G |       |       |       |     2 |     1 ||     3
Invok: Curse Item        |       |       |       |     4 |       ||     4
       Scrying           |       |       |       |     1 |     1 ||     2
 Abil: Breathe Noxious F |       |       |    13 |    25 |     7 ||    45
Evoke: Wand              |       |       |       |    11 |       ||    11
       Lamp of fire      |       |       |       |     2 |       ||     2
       Staff of Wucad Mu |       |       |       |    18 |    23 ||    41
  Use: Scroll            |     4 |     7 |       |    22 |     3 ||    36
       Potion            |     1 |       |       |    20 |     2 ||    23
 Stab: Sleeping          |     5 |     4 |     3 |     4 |     1 ||    17
       Distracted        |       |     1 |       |     3 |     1 ||     5
       Confused          |       |       |     1 |     2 |       ||     3
  Eat: Chunk             |     8 |     5 |     5 |    18 |     3 ||    39
       Meat ration       |       |     2 |     3 |     3 |       ||     8
       Fruit             |       |       |     1 |       |       ||     1
       Bread ration      |       |       |       |     8 |     2 ||    10
       Royal jelly       |       |       |       |     1 |       ||     1
Armor: Skin              |    54 |    25 |    38 |   127 |    28 ||   272
Dodge: Dodged            |   112 |    75 |    82 |   213 |    45 ||   527
Block: Buckler           |       |       |       |   117 |    24 ||   141
       Reflection        |       |       |       |     1 |     1 ||     2
       Shield            |       |       |       |       |    15 ||    15
